 Dungeon Crawl Stone Soup version 0.31-a0-1522-g43313d8a59 (console) character file.

Game seed: 886337428569852548

35213 jejorda2 the Cleaver (level 13, -12/157 HPs)
             Began as a Gnoll Berserker on Dec 30, 2023.
             Was a High Priest of Trog.
             Mangled by a sun demon (20 damage)
             ... on level 10 of the Dungeon.
             The game lasted 00:31:43 (10549 turns).

jejorda2 the Cleaver (Gnoll Berserker)             Turns: 10549, Time: 00:31:44

Health: -12/157    AC: 24    Str: 20    XL:     13   Next: 82%
Magic:  25/25      EV: 10    Int:  7    God:    Trog [*****.]
Gold:   1082       SH:  0    Dex: 13    Spells: 29/29 levels left

rFire   . . .        a - +6 battleaxe
rCold   . . .        (shield currently unavailable)
rNeg    + . .        g - +0 plate armour
rPois   .            e - +2 helmet
rElec   .            A - +2 cloak
rCorr   .            (no gloves)
SInv    .            I - +2 pair of boots
Will    .....        (no amulet) Stlth
                     y - ring of positive energy
HPRegen 0.46/turn    J - ring of flight
MPRegen 0.19/turn

%: no passive effects
@: berserking, flying, studying Dodging, very quick
A: fangs 1, strong nose, distributed training
a: Renounce Religion, Berserk, Trog's Hand, Brothers in Arms


You were on level 10 of the Dungeon.
You worshipped Trog.
Trog was extremely pleased with you.
You visited 1 branch of the dungeon, and saw 10 of its levels.
You also visited: Bailey.

You collected 1577 gold pieces.
You spent 495 gold pieces at shops.

Inventory:

Hand Weapons
 a - a +6 battleaxe (weapon)
 b - a +0 morningstar
 r - a +2 heavy battleaxe
Missiles
 f - 25 poisoned darts
 t - a curare-tipped dart
 F - 4 boomerangs (quivered)
Armour
 e - a +2 helmet (worn)
 g - a +0 plate armour (worn)
 A - a +2 cloak (worn)
 G - a +1 ring mail of fire resistance
 I - a +2 pair of boots (worn)
Jewellery
 q - a ring of see invisible
 y - a ring of positive energy (left hand)
 J - a ring of flight (right hand)
Wands
 c - a wand of iceblast (9)
 o - a wand of paralysis (6)
 w - a wand of flame (4)
 x - a wand of polymorph (6)
 E - a wand of mindburst (4)
Scrolls
 d - a scroll of enchant weapon
 j - 2 scrolls of immolation
 n - 4 scrolls of blinking
 p - a scroll of fog
 u - a scroll of butterflies
 v - 5 scrolls of teleportation
Potions
 h - 2 potions of attraction
 i - a potion of might
 k - a potion of haste
 l - 4 potions of resistance
 m - 4 potions of mutation
 s - a potion of berserk rage {unknown}
 z - 2 potions of ambrosia
 B - 6 potions of heal wounds
 K - 7 potions of curing
Miscellaneous
 C - a lightning rod (4/4)
 D - a sack of spiders


   Skills:
 + Level 10.8 Fighting
 + Level 8.6 Short Blades
 + Level 8.6 Long Blades
 + Level 10.8 Axes
 + Level 8.6 Maces & Flails
 + Level 8.6 Polearms
 + Level 8.6 Staves
 + Level 8.6 Ranged Weapons
 + Level 8.6 Throwing
 + Level 9.8 Armour
 + Level 10.2 Dodging
 + Level 8.6 Stealth
 + Level 8.6 Shields
 + Level 8.6 Unarmed Combat
 + Level 8.6 Spellcasting
 + Level 7.1 Conjurations
 + Level 7.1 Hexes
 + Level 7.1 Summonings
 + Level 7.1 Necromancy
 + Level 7.1 Translocations
 + Level 7.1 Fire Magic
 + Level 7.1 Ice Magic
 + Level 7.1 Air Magic
 + Level 7.1 Earth Magic
 + Level 7.1 Alchemy
 + Level 9.4 Invocations
 + Level 8.6 Evocations
 + Level 7.8 Shapeshifting


You had 29 spell levels left.
You didn't know any spells.
Your spell library was empty.

Dungeon Overview and Level Annotations

Branches:
Dungeon (10/15)            Temple (0/1) D:4             Orc (0/2) D:9
 Bailey (visited)
   Lair: D:8-11

Altars:
Okawaru
Ru
Uskayaw
Wu Jian

Shops:
D:5 **


Innate Abilities, Weirdness & Mutations

You have very sharp teeth.
Your uncanny sense of smell can sniff out nearby items.
Your experience applies equally to all skills.


Message History

You closely miss the sixfirhy. The sun demon hits you.
You are engulfed in flames!
The sixfirhy hits you but does no damage.
The sun demon barely misses you. The sixfirhy barely misses you.
You slash the sun demon!
The sun demon is moderately wounded.
You miss the sixfirhy.
The sixfirhy hits you but does no damage. x2
The sixfirhy barely misses you.
The sixfirhy hits you but does no damage.
The sun demon misses you.
You hit the sun demon.
The sun demon is moderately wounded.
You hit the sixfirhy. The sixfirhy hits you. The sixfirhy shocks you!
The sixfirhy hits you. The sixfirhy shocks you! The sun demon hits you!
You are engulfed in flames!
You are too injured to fight recklessly!
You are too injured to fight recklessly!
You are too injured to fight recklessly!
Unknown command.
You are too injured to fight recklessly!
A red film seems to cover your vision as you go berserk!
You feel yourself moving faster!
You feel mighty! The sun demon hits you.
You are engulfed in flames!
* * * LOW HITPOINT WARNING * * *
The sun demon hits you!!
* * * LOW HITPOINT WARNING * * *
You are engulfed in flames!
* * * LOW HITPOINT WARNING * * *
Unknown command.
You slash the sun demon!
You bite the sun demon, but do no damage.
The sun demon is heavily wounded.
You slice the sixfirhy!!
Unknown command.
You carve the sixfirhy like a ham!!!
You kill the sixfirhy!
Trog accepts your kill.
You hit the sun demon but do no damage. The sun demon hits you!!
You die...

#####...#........^..# #.#
#########..<#....#..?...#
##.
............#....##...>##
#.
########..[.#....##....#
## #....#######....# #
#.##.# #....# # #.##.#
#....#
###.##'#######....#
.......3@.....#
..............#∆
..............#
..............#
...#.#........#
.....#........#
.≈≈..##.####### §§ #.


You could see a sun demon.

Vanquished Creatures
  A two-headed ogre (D:8)
  An orc high priest (Bailey)
  A soul eater (D:10)
  A sixfirhy (D:10)
  A kobold demonologist (Bailey)
  Psyche (D:8)
  A komodo dragon (D:10)
  Prince Ribbit (D:7)
  Grinder (D:3)
  Sigmund (D:3)
  3 wyverns
  14 yaks
  4 sky beasts
  3 black bears
  15 orc warriors
  2 ice beasts
  4 ogres
  A centaur (D:9)
  A phantom (D:7)
  2 kobold brigands
  A bullfrog (D:7)
  A gnoll sergeant (D:8)
  2 scorpions (D:6)
  12 wights
  14 killer bees
  A howler monkey (D:10)
  8 electric eels (Bailey)
  3 bombardier beetles
  2 jellies
  A quasit (D:10)
  13 orc priests
  A hound (D:5)
  Crazy Yiuf (D:5)
  4 iguanas
  3 sleepcaps
  13 orc wizards
  Robin (D:3)
  14 gnolls
  6 adders
  A shadow imp (D:7)
  A white imp (D:7)
  4 ufetubi
  2 dart slugs
  3 ribbon worms
  45 orcs
  6 endoplasms
  5 giant cockroaches
  31 goblins
  13 hobgoblins
  5 jackals
  10 kobolds
  4 quokkas
  3 ball pythons (D:1)
  6 bats
  6 frilled lizards
  6 rats
311 creatures vanquished.

Vanquished Creatures (others)
  An orc (D:9)
1 creature vanquished.

Grand Total: 312 creatures vanquished

Notes
Turn   | Place    | Note
-------+----------+-------------------------------------------
     0 | D:1      | jejorda2 the Gnoll Berserker began the quest for the Orb.
     0 | D:1      | Reached XP level 1. HP: 23/23 MP: 1/1
   161 | D:1      | Reached XP level 2. HP: 29/29 MP: 2/2
   434 | D:1      | Reached XP level 3. HP: 19/35 MP: 3/3
   906 | D:2      | Reached ** piety under Trog
   907 | D:2      | Reached skill level 1 in Invocations
  1089 | D:2      | Reached skill level 1 in Short Blades
  1089 | D:2      | Reached skill level 1 in Long Blades
  1089 | D:2      | Reached skill level 1 in Maces & Flails
  1089 | D:2      | Reached skill level 1 in Polearms
  1089 | D:2      | Reached skill level 1 in Staves
  1089 | D:2      | Reached skill level 1 in Ranged Weapons
  1089 | D:2      | Reached skill level 1 in Throwing
  1089 | D:2      | Reached skill level 1 in Stealth
  1089 | D:2      | Reached skill level 1 in Shields
  1089 | D:2      | Reached skill level 1 in Unarmed Combat
  1089 | D:2      | Reached skill level 1 in Spellcasting
  1089 | D:2      | Reached skill level 1 in Evocations
  1266 | D:2      | Reached skill level 1 in Shapeshifting
  1266 | D:2      | Reached XP level 4. HP: 41/41 MP: 5/5
  1547 | D:3      | Noticed Robin
  1554 | D:3      | Reached skill level 1 in Conjurations
  1554 | D:3      | Reached skill level 1 in Hexes
  1554 | D:3      | Reached skill level 1 in Summonings
  1554 | D:3      | Reached skill level 1 in Necromancy
  1554 | D:3      | Reached skill level 1 in Translocations
  1554 | D:3      | Reached skill level 1 in Fire Magic
  1554 | D:3      | Reached skill level 1 in Ice Magic
  1554 | D:3      | Reached skill level 1 in Air Magic
  1554 | D:3      | Reached skill level 1 in Earth Magic
  1554 | D:3      | Reached skill level 1 in Alchemy
  1558 | D:3      | Killed Robin
  1587 | D:2      | Reached XP level 5. HP: 34/47 MP: 5/7
  1677 | D:3      | Noticed Sigmund
  1686 | D:3      | Killed Sigmund
  1687 | D:3      | Reached skill level 5 in Armour
  1687 | D:3      | Reached skill level 5 in Dodging
  1687 | D:3      | Reached XP level 6. HP: 53/53 MP: 7/9
  1808 | D:3      | Noticed Grinder
  1820 | D:3      | Killed Grinder
  1821 | D:3      | Reached XP level 7. HP: 46/60 MP: 10/10
  1934 | D:3      | Found an ornate altar of the Wu Jian Council.
  2837 | D:4      | Found a staircase to the Ecumenical Temple.
  2966 | D:4      | Reached *** piety under Trog
  3230 | D:4      | Reached XP level 8. HP: 67/67 MP: 12/12
  3646 | D:5      | Entered Level 5 of the Dungeon
  4077 | D:5      | Found an iron altar of Okawaru.
  4256 | D:5      | Found a runed translucent door.
  4257 | D:5      | Noticed Crazy Yiuf
  4264 | D:5      | Killed Crazy Yiuf
  4354 | D:5      | Found Liqicw's Specific Store.
  4383 | D:5      | Found Odyshrose's General Store.
  4395 | D:5      | Bought a potion of heal wounds for 55 gold pieces
  4811 | D:6      | Reached XP level 9. HP: 73/73 MP: 14/14
  4985 | D:6      | Reached **** piety under Trog
  5262 | D:7      | Found a flagged portal.
  5284 | Bailey   | Entered a bailey
  5304 | Bailey   | Reached skill level 5 in Invocations
  5492 | Bailey   | Noticed a kobold demonologist
  5504 | Bailey   | Killed a kobold demonologist
  5807 | Bailey   | Reached skill level 5 in Short Blades
  5807 | Bailey   | Reached skill level 5 in Long Blades
  5807 | Bailey   | Reached skill level 5 in Maces & Flails
  5807 | Bailey   | Reached skill level 5 in Polearms
  5807 | Bailey   | Reached skill level 5 in Staves
  5807 | Bailey   | Reached skill level 5 in Ranged Weapons
  5807 | Bailey   | Reached skill level 5 in Throwing
  5807 | Bailey   | Reached skill level 5 in Stealth
  5807 | Bailey   | Reached skill level 5 in Shields
  5807 | Bailey   | Reached skill level 5 in Unarmed Combat
  5807 | Bailey   | Reached skill level 5 in Spellcasting
  5807 | Bailey   | Reached skill level 5 in Evocations
  5807 | Bailey   | Reached XP level 10. HP: 79/81 MP: 17/17
  6162 | Bailey   | Found an iron altar of Okawaru.
  6162 | Bailey   | Noticed an orc high priest
  6165 | Bailey   | Noticed a rust devil
  6214 | Bailey   | Noticed a sun demon
  6214 | Bailey   | Noticed a soul eater
  6219 | Bailey   | Killed an orc high priest
  6287 | Bailey   | Reached skill level 5 in Conjurations
  6287 | Bailey   | Reached skill level 5 in Hexes
  6287 | Bailey   | Reached skill level 5 in Summonings
  6287 | Bailey   | Reached skill level 5 in Necromancy
  6287 | Bailey   | Reached skill level 5 in Translocations
  6287 | Bailey   | Reached skill level 5 in Fire Magic
  6287 | Bailey   | Reached skill level 5 in Ice Magic
  6287 | Bailey   | Reached skill level 5 in Air Magic
  6287 | Bailey   | Reached skill level 5 in Earth Magic
  6287 | Bailey   | Reached skill level 5 in Alchemy
  6287 | Bailey   | Reached XP level 11. HP: 89/89 MP: 18/20
  6288 | Bailey   | Reached XP level 12. HP: 97/97 MP: 18/23
  6289 | Bailey   | Reached skill level 10 in Fighting
  6289 | Bailey   | Reached skill level 10 in Axes
  6289 | Bailey   | Reached XP level 13. HP: 104/104 MP: 18/25
  6297 | Bailey   | Identified the +5 ring mail of Rotation {Harm}
  6669 | Bailey   | Acquired a manual of Dodging
  7194 | D:7      | Noticed Prince Ribbit
  7206 | D:7      | Killed Prince Ribbit
  8483 | D:8      | Acquired 884 gold pieces
  8620 | D:8      | Noticed Psyche
  8796 | D:8      | Killed Psyche
  9138 | D:8      | Reached skill level 10 in Dodging
  9185 | D:8      | Identified the flux talisman "Rolounk" {rF+ Int+3}
  9278 | D:8      | Found a sacrificial altar of Ru.
  9278 | D:8      | Found a hide-covered altar of Uskayaw.
  9414 | D:9      | Identified the +2 sling of the Ghost {drain, Str+5}
  9617 | D:9      | Reached ***** piety under Trog
  9724 | D:9      | Found a staircase to the Orcish Mines.
  9846 | D:5      | Bought a lightning rod (4/4) for 440 gold pieces
 10211 | D:10     | Entered Level 10 of the Dungeon
 10549 | D:10     | Mangled by a sun demon

Illustrated notes

Levels and vault maps discovered:
D:1:      moated_graveyard_arrival, layout_basic, kennysheep_decorative_pillar
D:2:      layout_loops_ring
D:3:      layout_loops_ring, nzn_wu_jian_contemplation, grunt_decor_resistance,
          uniq_grinder, uniq_robin, uniq_sigmund
D:4:      layout_cave_pods, minmay_temple_entry_butterflies,
          hangedman_abyss_or_decor_stagger
D:5:      layout_loops_ring, mainiacjoe_overflow_alcove_1,
          nicolae_specific_store, uniq_crazy_yiuf_cottage
D:6:      layout_rooms
D:7:      minmay_evil_eye, layout_loops_corners, enter_bailey_3, eino_jars,
          uniq_prince_ribbit1
D:8:      layout_basic, gammafunk_temple_overflow_elements, uniq_psyche
D:9:      layout_cave_pools, minmay_orc_entry_temple_small
D:10:     layout_basic, serial_demonic, serial_demonic_g, serial_demonic_g,
          serial_demonic_g, serial_demonic_e, chequers_serial_rivers_micro_a,
          grunt_decor_clamped

Skill      XL: |  1  2  3  4  5  6  7  8  9 10 11 12 13 |
---------------+----------------------------------------+-----
Invocations    | 1 2 3 4 5 7 8 9 |  9.4
Short Blades   | 1 2 3 5 6 7 8 |  8.6
Long Blades    | 1 2 3 5 6 7 8 |  8.6
Maces & Flails | 1 2 3 5 6 7 8 |  8.6
Polearms       | 1 2 3 5 6 7 8 |  8.6
Staves         | 1 2 3 5 6 7 8 |  8.6
Ranged Weapons | 1 2 3 5 6 7 8 |  8.6
Throwing       | 1 2 3 5 6 7 8 |  8.6
Stealth        | 1 2 3 5 6 7 8 |  8.6
Shields        | 1 2 3 5 6 7 8 |  8.6
Unarmed Combat | 1 2 3 5 6 7 8 |  8.6
Spellcasting   | 1 2 3 5 6 7 8 |  8.6
Evocations     | 1 2 3 5 6 7 8 |  8.6
Shapeshifting  | 1 2 3 4 6 7 |  7.8
Conjurations   | 1 2 3 4 5 6 7 |  7.1
Hexes          | 1 2 3 4 5 6 7 |  7.1
Summonings     | 1 2 3 4 5 6 7 |  7.1
Necromancy     | 1 2 3 4 5 6 7 |  7.1
Translocations | 1 2 3 4 5 6 7 |  7.1
Fire Magic     | 1 2 3 4 5 6 7 |  7.1
Ice Magic      | 1 2 3 4 5 6 7 |  7.1
Air Magic      | 1 2 3 4 5 6 7 |  7.1
Earth Magic    | 1 2 3 4 5 6 7 |  7.1
Alchemy        | 1 2 3 4 5 6 7 |  7.1
Armour         | 5 6 8 9 |  9.8
Dodging        | 5 6 8 9 10 | 10.2
Fighting       | 7 8 9 10 | 10.8
Axes           | 7 8 9 10 | 10.8

Action                     |  1- 3 |  4- 6 |  7- 9 | 10-12 | 13-15 || total
---------------------------+-------+-------+-------+-------+-------++-------
  Melee: Hand axe          |   122 |    59 |    14 |       |       ||   195
         Bite              |     9 |     6 |    25 |    11 |    31 ||    82
         Punch             |     2 |       |     3 |       |       ||     5
         Halberd           |       |    11 |   188 |     4 |       ||   203
         War axe           |       |       |    69 |       |       ||    69
         Battleaxe         |       |       |       |    42 |   291 ||   333
  Throw: Boomerang         |       |       |       |     4 |    15 ||    19
 Invoke: Berserk           |     1 |     2 |     7 |     1 |     7 ||    18
         Trog's Hand       |     1 |     2 |       |     1 |     3 ||     7
  Evoke: Wand              |       |       |       |       |     1 ||     1
    Use: Scroll            |       |       |     4 |       |    23 ||    27
         Potion            |       |       |       |     3 |       ||     3
 Armour: Animal skin       |    28 |       |       |       |       ||    28
         Ring mail         |    50 |    37 |     4 |       |       ||    91
         Scale mail        |       |       |    29 |       |       ||    29
         Chain mail        |       |       |   160 |       |       ||   160
         Plate armour      |       |       |     7 |    48 |   289 ||   344
         Skin              |       |       |       |       |     1 ||     1
  Dodge: Dodged            |    94 |    40 |   126 |    12 |   179 ||   451

Table legend: (Time is in decaauts)
 A = Elapsed time spent in this place.
 B = Non-inter-level travel time spent in this place.
 C = Inter-level travel time spent in this place.
 D = Time resting spent in this place.
 E = Time spent auto-exploring this place.
 F = Levels seen in this place.
 G = Mean time per level.
                   A        B        C        D        E       F      G
               +--------+--------+--------+--------+--------+-----+--------+
         Total |  10809 |  10116 |    693 |    918 |   6972 |  11 |  982.6 |
       Dungeon |   9348 |   8655 |    693 |    493 |   6336 |  10 |  934.8 |
        Bailey |   1461 |   1461 |      0 |    425 |    636 |   1 | 1461.0 |
               +--------+--------+--------+--------+--------+-----+--------+

Top non-repeatable levels by time:
     D:7: 1758 daAuts
  Bailey: 1461 daAuts
     D:5: 1100 daAuts
     D:3: 1076 daAuts
     D:8: 1036 daAuts
     D:4: 1010 daAuts
     D:1: 875 daAuts
     D:2: 746 daAuts
     D:9: 731 daAuts
     D:6: 670 daAuts
    D:10: 342 daAuts
